Map: Орбитальная верфь

Players

Sai - Winner!

  • Race: Zerg Zerg
  • Spawn Location: 7:00

ИИ 1 (знаток)

  • Race: Protoss Protoss
  • Spawn Location: 1:00

VOD

Have the link to the VOD?

Description

Time

  • Played on: Jan. 7, 2019, 3:31 p.m.
  • Length: 11:52
Show
View Real Time Build Order
Export as new Build Order

Sai Zerg - Winner!

Build Orders:  

Get SALT Encoding   

  12  0:02  Drone  
  13  0:08  Drone  
  14  0:17  Overlord  
  14  0:25  Overlord  
  14  0:32  Extractor  
  13  0:43  Spawning Pool  
  13  0:46  Drone  
  13  0:50  Drone  
  13  0:56  Drone  
  15  1:00  Drone  
  16  1:08  Drone  
  17  1:19  Drone  
  18  1:30  Queen  
  20  1:35  Metabolic Boost  
  20  1:37  Drone  
  21  1:41  Zergling x2  
  22  1:54  Drone  
  23  2:10  Hatchery  
  23  2:12  Drone x2  
  24  2:22  Extractor  
  23  2:23  Drone  
  24  2:38  Drone  
  24  2:39  Drone x2  
  24  2:40  Drone  
  28  2:48  Drone  
  29  3:01  Overlord  
  29  3:15  Drone  
  29  3:18  Queen, Overlord  
  29  3:19  Overlord  
  32  3:20  Overlord  
  32  3:28  Drone x2  
  32  3:29  Extractor  
  33  3:36  Drone  
  34  3:47  Roach Warren  
  33  3:54  Drone  
  33  3:55  Drone  
  35  4:10  Lair  
  35  4:29  Roach x6  
  35  4:30  Roach x3  
  53  4:38  Pneumatized Carapace  
  53  4:46  Roach x3  
  53  4:50  Overlord  
  59  4:53  Overlord, Hatchery  
  58  5:09  Glial Reconstitution  
  58  5:15  Drone x2  
  58  5:16  Drone x4  
  64  5:21  Drone  
  64  5:22  Drone  
  64  5:23  Drone x2  
  64  5:24  Drone  
  69  5:40  Evolution Chamber  
  68  5:50  Extractor, Drone x3  
  68  5:53  Roach x3  
  68  5:54  Roach x3  
  68  5:55  Overlord  
  82  6:02  Evolution Chamber  
  81  6:04  Burrow  
  83  6:22  Queen  
  83  6:29  Ravager  
  83  6:30  Ravager x8  
  92  6:38  Roach x3  
  98  6:45  Overlord x2  
  98  6:49  Overseer  
  90  7:28  Drone  
  90  7:29  Drone x8  
  99  7:39  Zerg Missile Weapons Level 1, Zerg Ground Armor Level 1  
  99  7:42  Tunneling Claws  
  99  7:50  Drone x3  
  94  10:28  Roach  
  94  10:29  Roach x10  
  94  10:30  Overlord  
  94  10:31  Overlord x11  
  114  10:51  Extractor  
  114  10:56  Roach  
  121  10:57  Roach x10  
  121  10:58  Extractor  
  134  11:15  Drone x3  
  134  11:17  Drone x3  
  140  11:23  Roach x8  
Show
View Real Time Build Order
Export as new Build Order

ИИ 1 (знаток) Protoss 

Build Orders:  

Get SALT Encoding   

  12  0:00  Probe  
  13  0:13  Probe  
  14  0:20  Pylon  
  14  0:25  Probe  
  15  0:34  Probe  
  16  0:42  Probe  
  16  0:47  Assimilator  
  16  0:49  Gateway  
  17  0:51  Probe  
  18  0:59  Probe, Pylon  
  19  1:19  Probe  
  20  1:37  Zealot  
  20  1:39  Gateway  
  22  1:41  Cybernetics Core  
  22  1:45  Assimilator  
  22  1:56  Zealot  
  22  1:59  Pylon  
  24  2:12  Warp Gate  
  24  2:23  Stalker  
  28  2:30  Zealot  
  28  2:41  Pylon  
  28  2:53  Zealot  
  32  2:58  Zealot  
  32  3:20  Stalker  
  32  3:25  Stalker  
  36  3:27  Pylon  
  36  3:46  Probe  
  37  3:50  Adept  
  37  3:51  Adept  
  41  3:58  Probe  
  41  4:02  Pylon  
  42  4:10  Probe  
  43  4:19  Forge  
  43  4:23  Stalker, Probe  
  45  4:34  Zealot  
  45  4:35  Probe  
  48  4:44  Stalker  
  50  4:47  Probe  
  51  4:55  Zealot  
  51  4:59  Probe  
  54  6:17  Protoss Ground Weapons Level 1  
  54  6:27  Sentry  
  54  6:29  Gateway  
  54  6:31  Photon Cannon  
  54  6:32  Photon Cannon  
  56  6:33  Nexus  
  56  6:34  Stalker  
  56  6:37  Robotics Facility  
  58  6:40  Twilight Council  
  58  6:42  Stargate  
  58  6:43  Stalker, Pylon  
  60  6:57  Stalker  
  62  7:01  Blink  
  62  7:04  Stalker  
  62  7:07  Pylon  
  40  7:20  Sentry  
  38  7:25  Observer  
  38  7:27  Zealot  
  41  7:34  Stalker  
  43  7:43  Stalker  
  45  7:46  Observer  
  45  7:47  Probe  
  45  7:50  Sentry  
  49  7:52  Probe  
  49  7:53  Assimilator  
  49  7:57  Adept  
  50  7:59  Probe  
  50  8:04  Probe  
  52  8:06  Zealot  
  52  8:11  Probe  
  55  8:13  Stalker  
  55  8:16  Probe  
  58  8:20  Stalker  
  58  8:23  Probe  
  61  8:28  Probe  
  61  8:31  Stalker  
  64  8:35  Probe  
  64  8:40  Stalker, Probe  
  66  8:47  Zealot  
  66  8:48  Probe  
  57  8:52  Probe  
  56  8:57  Stalker  
  56  9:00  Probe  
  45  9:03  Stalker  
  45  9:09  Stalker  
  43  9:21  Zealot  
  41  9:26  Stalker  
  43  9:32  Stalker  
  45  9:41  Zealot  
  45  9:42  Stalker  
  40  9:50  Pylon  
  39  9:54  Zealot x2  
  39  9:59  Pylon  
  41  10:01  Stalker  
  41  10:04  Pylon  
  36  10:08  Zealot  
  30  10:25  Zealot, Pylon  
  23  10:44  Nexus  
  22  10:50  Gateway  
  22  11:08  Pylon  
  13  11:47  Zealot  
Tags
 

No tags found.

Add a new tag
Caveats
  • Supply blocks, unpowered buildings, or Contaminate may cause inaccurate times.
  • Supply counts are checked every 10 seconds.